 Dungeon Crawl Stone Soup version 0.29.1-13-g9f3cf754e1 (webtiles) character file.

Game seed: 8656297485668308368

15 javelincjr the Magician (level 2, -6/15 HPs)
             Began as a Deep Elf Air Elementalist on Jan 21, 2023.
             Mangled by a kobold
             ... wielding a +2 short sword of electrocution
              (18 damage)
             ... on level 1 of the Dungeon.
             The game lasted 00:01:39 (161 turns).

javelincjr the Magician (Deep Elf Air Elementalist)  Turns: 161, Time: 00:01:40

Health: -6/15      AC:  2    Str:  5    XL:     2   Next: 34%
Magic:  0/8        EV: 13    Int: 19    God:
Gold:   0          SH:  0    Dex: 15    Spells: 7/8 levels left

rFire   . . .      SeeInvis .   d - +0 whip
rCold   . . .      Faith    .   (no shield)
rNeg    . . .      Spirit   .   a - +0 robe
rPois   .          Reflect  .   (no helmet)
rElec   .          Harm     .   (no cloak)
rCorr   .          Rampage  .   (no gloves)
Will    .....                   (no boots)
Stlth   ++........              (no amulet)
HPRegen 0.05/turn               (no ring)
MPRegen 0.11/turn               (no ring)

@: no status effects
A: no striking features
a: no special abilities


You were on level 1 of the Dungeon.
You visited 1 branch of the dungeon, and saw 1 of its levels.

Inventory:

Hand Weapons
 d - a +0 whip (weapon)
Armour
 a - a +0 robe (worn)
Potions
 b - 2 potions of magic
 c - a potion of haste {unknown}


   Skills:
 + Level 2.8 Dodging
 + Level 2.5 Stealth
 + Level 3.5 Spellcasting
 + Level 1.1 Conjurations
 + Level 3.2 Air Magic


You had 7 spell levels left.
You knew the following spells:

 Your Spells              Type           Power      Damage    Failure   Level
a - Shock                 Conj/Air       44%        1d5       6%          1

Your spell library contained the following spells:

 Spells                   Type           Power      Damage    Failure   Level
 Static Discharge         Conj/Air       11%        3-5/arc   9%          2
 Swiftness                Air            15%        N/A       12%         3
 Airstrike                Air            7%         2d(2-18)  36%         4


Dungeon Overview and Level Annotations

Branches:
Dungeon (1/15)

Altars:


Message History

Aim: a gnoll, wielding a +0 spear (heavily wounded, 72% to hit)
The zap hits the gnoll.
The gnoll is severely wounded.
Aiming: Shock (safe; 6% risk of failure)
Press: ? - help, Q - select action Shift-Dir - straight line, f/p - gnoll
Aim: a gnoll, wielding a +0 spear (severely wounded, 72% to hit)
The zap hits the gnoll.
The gnoll is almost dead.
Aiming: Shock (safe; 6% risk of failure)
Press: ? - help, Q - select action Shift-Dir - straight line, f/p - gnoll
Aim: a gnoll, wielding a +0 spear (almost dead, 72% to hit)
The zap hits the gnoll.
You kill the gnoll!
You have reached level 2!
Found a robe.
You see here a +0 spear.
b - 2 potions of magic (gained 1)
A kobold comes into view.
It is wielding a +2 short sword of electrocution.
You see here 11 gold pieces.
Aiming: Shock (safe; 6% risk of failure)
Press: ? - help, Q - select action Shift-Dir - straight line, f - kobold
Aim: a kobold, wielding a +2 short sword of electrocution (60% to hit)
The zap hits the kobold.
The kobold is heavily wounded.
Aiming: Shock (safe; 6% risk of failure)
Press: ? - help, Q - select action Shift-Dir - straight line, f/p - kobold
Aim: a kobold, wielding a +2 short sword of electrocution (heavily wounded, 60% to hit)
That beam is likely to hit you.
Continue anyway?
The zap hits the kobold.
The kobold is severely wounded.
The zap misses the kobold.
The zap misses you.
You completely miss the kobold.
The kobold is severely wounded.
The kobold barely misses you.
You closely miss the kobold.
The kobold is severely wounded.
The kobold hits you with a +2 short sword of electrocution.
You are electrocuted!!
Ouch! That really hurt!
You die...

###.....## #.......
..#......##....... . ###
...#..#..#.......
.....###..##..#.#.......
#.#.......##)#.#.......
#.. #.....##........#
###..#.....###.....#
...........)..##..###
####.K@....#.....†.#
#........#.......#....
#....#.....####+##.# ..#
###........# #.# ##
#.#.[#...# #.# .
##.....#######.#
......#.....†.# ##
##.#.##'#.## #.#..#.##


You could see a kobold.

Vanquished Creatures
  A gnoll (D:1)
  A giant cockroach (D:1)
  A kobold (D:1)
  A quokka (D:1)
  A ball python (D:1)
5 creatures vanquished.

Notes
Turn   | Place    | Note
-------+----------+-------------------------------------------
     0 | D:1      | javelincjr the Deep Elf Air Elementalist began the quest
                  | for the Orb.
     0 | D:1      | Reached XP level 1. HP: 10/10 MP: 6/6
   150 | D:1      | Reached XP level 2. HP: 15/15 MP: 1/8
   161 | D:1      | Mangled by a kobold

Illustrated notes

Levels and vault maps discovered:
D:1:      dpeg_arrival_erosion, layout_rooms,
          shapermc_ecumenical_altar_mp_urbaneastern,
          chequers_serial_rivers_micro_a

Action                   || total
-------------------------++-------
Melee: Unarmed           ||     3
       Whip              ||     2
 Cast: Shock             ||    16
Dodge: Dodged            ||     7
